Kings vs Penguins

Created - Thursday, December 17, 2015 at 03:29

Goals
1 2 3 T
Kings 2 3 1 6
Penguins 1 0 2 3
Shots
1 2 3 T
Kings 6 14 9 29
Penguins 7 11 5 23

1st period

1. Kings , Milan Lucic 10 (Cam Fowler) at 2:41 (PP)
2. Penguins , Linden Vey 4 (Chris Butler, Marcus Foligno) at 4:43 (PP)
3. Kings , Mika Zibanejad 11 (Tyler Seguin, Carl Soderberg) at 6:50

Penalties :
Nathan MacKinnon (Pit) for Hooking (Minor) at 0:43, David Clarkson (LA ) for Tripping (Minor) at 3:21, Duncan Keith (LA ) for Hooking (Minor) at 10:08, Mika Zibanejad (LA ) for Hooking (Minor) at 17:53

2nd period

4. Kings , Mika Zibanejad 12 (Cam Fowler) at 5:17
5. Kings , Braydon Coburn 2 (Duncan Keith, Vincent Trocheck) at 16:27 (PP)
6. Kings , Tyler Seguin 15 (Braydon Coburn, Mika Zibanejad) at 18:15 (PP)

Penalties :
Milan Lucic (LA ) for Boarding (Minor) at 7:11, Linden Vey (Pit) for High sticking (Minor) at 9:23, Luke Witkowski (Pit) for Roughing (Minor) at 12:57, Luke Witkowski (Pit) for Fighting (Major) at 15:32, David Clarkson (LA ) for Fighting (Major) at 15:32, Mikael Granlund (Pit) for Hooking (Minor) at 15:47, Chris Butler (Pit) for Hooking (Minor) at 16:58, Carl Soderberg (LA ) for Hooking (Minor) at 19:20

3rd period

7. Penguins , David Legwand 5 (Christian Ehrhoff, Mikael Granlund) at 10:17
8. Kings , Duncan Keith 10 (Mika Zibanejad, Tyler Seguin) at 16:31
9. Penguins , Nail Yakupov 1 (Chris Stewart, Jon Merrill) at 17:19 (PP)

Penalties :
Christian Ehrhoff (Pit) for Holding (Minor) at 4:15, Curtis McKenzie (Pit) for Tripping (Minor) at 7:52, Chris Stewart (Pit) for Goalie Interference (Minor) at 15:13, Carl Soderberg (LA ) for Tripping (Minor) at 16:11, Jon Merrill (Pit) for Cross-checking (Minor) at 17:32

Goalie Stats

Reto Berra (LA ), 20 saves from 23 shots - (0.870), W, 2-2-1, 60:00 minutes
Alex Stalock (Pit), 23 saves from 29 shots - (0.793), L, 0-6-0, 60:00 minutes

Players Stats for Kings

Player Name              G  A  P  +/- PIM S  H  SB GA TA FO     MP     PP MP  PK MP  
------------------------------------------------------------------------------------
Brandon McMillan         0  0  0   0  0   0  0  0  0  0  0/0     3:21   0:00   0:00 
Braydon Coburn           1  1  2   1  0   3  1  3  0  0  0/0    28:08   9:04   6:18 
Brenden Morrow           0  0  0  -1  0   0  0  0  0  0  0/1    14:17   0:00   2:07 
Cam Fowler               0  2  2   1  0   2  1  1  0  0  0/0    22:41   5:44   4:24 
Carl Soderberg           0  1  1   2  4   1  3  0  2  0  0/1    15:48   7:34   0:00 
David Clarkson           0  0  0  -1  7   1  4  0  1  0  0/0    11:30   0:00   0:08 
Duncan Keith             1  1  2   1  2   4  2  2  0  5  0/0    26:18   9:04   4:19 
Eric Brewer              0  0  0   0  0   1  1  1  0  2  0/0    10:27   0:00   0:00 
Evgeny Kuznetsov         0  0  0   0  0   0  0  0  0  0  1/1     3:21   0:00   0:00 
Jori Lehtera             0  0  0  -1  0   1  0  0  1  0  11/11  12:10   0:00   0:00 
Mika Zibanejad           2  2  4   3  2   4  4  0  4  0  1/1    22:31   7:35   5:40 
Mikhail Grigorenko       0  0  0   0  0   0  0  0  0  0  0/0     1:50   0:23   0:00 
Milan Lucic              1  0  1   0  2   2  3  0  2  2  0/1    19:50   7:13   1:38 
Nick Bjugstad            0  0  0   0  0   3  2  0  0  2  10/17  20:31   7:13   2:19 
Seth Jones               0  0  0   1  0   2  0  0  1  0  0/0    23:12   5:44   3:49 
Stefan Elliott           0  0  0   0  0   0  0  0  0  0  0/0    10:17   0:00   0:00 
Tyler Seguin             1  2  3   3  0   3  1  0  4  1  12/19  26:14   7:12   7:06 
Vincent Trocheck         0  1  1   0  0   2  0  0  2  1  1/2    17:04   7:13   0:00 

Players Stats for Penguins

Player Name              G  A  P  +/- PIM S  H  SB GA TA FO     MP     PP MP  PK MP  
------------------------------------------------------------------------------------
Chris Butler             0  1  1   1  2   0  2  4  2  2  0/0    28:07   4:54   5:37 
Chris Kelly              0  0  0  -1  0   1  3  1  0  2  1/6    15:30   0:00   6:55 
Chris Stewart            0  1  1  -1  2   1  0  0  2  2  0/0     9:04   0:07   0:34 
Christian Ehrhoff        0  1  1   0  2   0  0  0  0  0  0/0    17:50   6:00   1:33 
Cody Ceci                0  0  0  -1  0   0  0  1  0  0  0/0     2:02   0:00   0:00 
Curtis McKenzie          0  0  0  -2  2   0  2  1  1  0  5/20   23:24   5:10   8:01 
David Legwand            1  0  1   1  0   2  1  0  0  1  0/0     7:08   0:00   0:00 
Jimmy Hayes              0  0  0   1  0   1  1  0  0  0  0/0     7:08   0:00   0:00 
Joakim Lindstrom         0  0  0   0  0   2  0  0  2  0  0/2    16:46   4:15   3:06 
Jon Merrill              0  1  1   0  2   2  2  3  1  2  0/0    25:05   3:25   8:21 
Linden Vey               1  0  1  -1  2   1  1  0  2  0  5/8    22:50   4:15   7:32 
Luke Witkowski           0  0  0  -2  7   4  1  1  0  0  0/0    24:27   4:31   5:15 
Marcus Foligno           0  1  1   0  0   2  2  0  1  0  1/4    13:40   4:15   0:00 
Mikael Granlund          0  1  1   1  2   2  2  0  0  1  0/6     7:07   0:00   0:00 
Nail Yakupov             1  0  1  -1  0   3  1  0  1  0  0/0     8:39   0:07   0:00 
Nathan MacKinnon         0  0  0  -1  2   1  2  1  3  0  2/3    18:07   5:03   3:28 
Vladimir Tarasenko       0  0  0  -1  0   0  0  0  2  1  4/5    14:05   5:03   0:00 
Xavier Ouellet           0  0  0  -2  0   1  1  4  0  0  0/0    22:57   0:00   8:50 

3 Stars

1 - Mika Zibanejad (LA )
2 - Tyler Seguin (LA )
3 - Braydon Coburn (LA )

Power Play

Kings - 3 on 9 Attempt(s) - 33.33%
Penguins - 2 on 6 Attempt(s) - 33.33%

Penalty Kill

Kings - 4 on 6 Attempt(s) - 66.67% - Score 0 goal in Penalty Kill
Penguins - 6 on 9 Attempt(s) - 66.67% - Score 0 goal in Penalty Kill

Team Stat

Kings - Hits : 22 - Faceoff Wins : 36 - Blocked Shots : 7 - Penalty Minutes : 17
Penguins - Hits : 21 - Faceoff Wins : 18 - Blocked Shots : 16 - Penalty Minutes : 23

Official

Referees : Unknown
Linesman : Unknown

Game Notes

Cody Ceci is injured at 17:18 of 1st period (Left Hand)
David Clarkson beats up Luke Witkowski at 15:32 of 2nd period

Finance

Level 1 -- Attendance: 4203 (70.05%) -- Ticket Income $378,270
Level 2 -- Attendance: 4078 (81.56%) -- Ticket Income $224,290
Level 3 -- Attendance: 1421 (71.05%) -- Ticket Income $49,735
Level 4 -- Attendance: 3067 (76.68%) -- Ticket Income $61,340
Luxury Box -- Attendance: 789 (78.90%) -- Ticket Income $149,910
Game was played at the Consol Energy Center.
Total Attendance: 13558 (75.32%)
Total Ticket Income: $863,545
Other Income: $423,137
Total Income: $1,286,682

Kings

5 vs 5 Forward 
   Center                   Left Wing                Right Wing               Time % Phy DF OF 
 1 Tyler Seguin             Mika Zibanejad           Carl Soderberg           35     1   2  2  
 2 Nick Bjugstad            Milan Lucic              Vincent Trocheck         30     1   2  2  
 3 Jori Lehtera             Brenden Morrow           David Clarkson           22     1   2  2  
 4 Evgeny Kuznetsov         Brandon McMillan         Tyler Seguin             13     1   2  2  

5 vs 5 Defense 
   Defense                  Defense                                           Time % Phy DF OF 
 1 Duncan Keith             Braydon Coburn                                    35     1   2  2  
 2 Cam Fowler               Seth Jones                                        30     1   2  2  
 3 Eric Brewer              Stefan Elliott                                    22     1   2  2  
 4 Duncan Keith             Braydon Coburn                                    13     1   2  2  

PowerPlay Forward 
   Center                   Left Wing                Right Wing               Time % Phy DF OF 
 1 Tyler Seguin             Mika Zibanejad           Carl Soderberg           60     1   2  2  
 2 Nick Bjugstad            Milan Lucic              Vincent Trocheck         40     1   2  2  

PowerPlay Defense
   Defense                  Defense                                           Time % Phy DF OF 
 1 Duncan Keith             Braydon Coburn                                    60     1   2  2  
 2 Cam Fowler               Seth Jones                                        40     1   2  2  

Penalty Kill 4 Players Forward 
   Center                   Wing                     Time % Phy DF OF 
 1 Tyler Seguin             Mika Zibanejad           60     1   2  2  
 2 Nick Bjugstad            Milan Lucic              40     1   2  2  

Penalty Kill 4 Players Defense
   Defense                  Defense                  Time % Phy DF OF 
 1 Duncan Keith             Braydon Coburn           60     1   2  2  
 2 Cam Fowler               Seth Jones               40     1   2  2  

Penalty Kill - 3 Players Forward 
   Forward                                           Time % Phy DF OF 
 1 Tyler Seguin                                      60     1   2  2  
 2 Mika Zibanejad                                    40     1   2  2  

Penalty Kill - 3 Players Defense
   Defense                  Defense                  Time % Phy DF OF 
 1 Duncan Keith             Braydon Coburn           60     1   2  2  
 2 Cam Fowler               Seth Jones               40     1   2  2  

4 vs 4 Forward 
   Center                   Wing                     Time % Phy DF OF 
 1 Tyler Seguin             Mika Zibanejad           60     1   2  2  
 2 Nick Bjugstad            Milan Lucic              40     1   2  2  

4 vs 4 Defense
   Defense                  Defense                  Time % Phy DF OF 
 1 Duncan Keith             Braydon Coburn           60     1   2  2  
 2 Cam Fowler               Seth Jones               40     1   2  2  

Last Minutes Offensive
   Center                   Left Wing                Right Wing               Defense                  Defense                  
   Tyler Seguin             Mika Zibanejad           Carl Soderberg           Duncan Keith             Braydon Coburn           

Last Minutes Defensive
   Center                   Left Wing                Right Wing               Defense                  Defense                  
   Tyler Seguin             Mika Zibanejad           Carl Soderberg           Duncan Keith             Braydon Coburn           

Goaltenders
Starting : Reto Berra               
Backup : Sergei Bobrovsky         

Extra Forwards
Normal : Mikhail Grigorenko, Jori Lehtera, Brenden Morrow - PP : Mikhail Grigorenko, Jori Lehtera - PK : Brenden Morrow
Extra Defensemen
Normal : Eric Brewer, Stefan Elliott, Cam Fowler - PP : Eric Brewer - PK : Stefan Elliott, Cam Fowler
Penalty Shots
Tyler Seguin, Mika Zibanejad, Nick Bjugstad, Milan Lucic, Carl Soderberg

Penguins

5 vs 5 Forward 
   Center                   Left Wing                Right Wing               Time % Phy DF OF 
 1 Curtis McKenzie          Vladimir Tarasenko       Nathan MacKinnon         40     5   0  0  
 2 Linden Vey               Joakim Lindstrom         Marcus Foligno           35     5   0  0  
 3 Chris Kelly              Nail Yakupov             Chris Stewart            20     5   0  0  
 4 Mikael Granlund          David Legwand            Jimmy Hayes              5      5   0  0  

5 vs 5 Defense 
   Defense                  Defense                                           Time % Phy DF OF 
 1 Xavier Ouellet           Luke Witkowski                                    50     5   0  0  
 2 Jon Merrill              Chris Butler                                      40     5   0  0  
 3 Christian Ehrhoff        Cody Ceci                                         5      5   0  0  
 4 Luke Witkowski           Christian Ehrhoff                                 5      5   0  0  

PowerPlay Forward 
   Center                   Left Wing                Right Wing               Time % Phy DF OF 
 1 Vladimir Tarasenko       Nathan MacKinnon         Curtis McKenzie          60     5   0  0  
 2 Marcus Foligno           Joakim Lindstrom         Linden Vey               40     5   0  0  

PowerPlay Defense
   Defense                  Defense                                           Time % Phy DF OF 
 1 Luke Witkowski           Christian Ehrhoff                                 60     5   0  0  
 2 Jon Merrill              Chris Butler                                      40     5   0  0  

Penalty Kill 4 Players Forward 
   Center                   Wing                     Time % Phy DF OF 
 1 Curtis McKenzie          Linden Vey               60     5   0  0  
 2 Chris Kelly              Joakim Lindstrom         40     5   0  0  

Penalty Kill 4 Players Defense
   Defense                  Defense                  Time % Phy DF OF 
 1 Luke Witkowski           Xavier Ouellet           60     5   0  0  
 2 Jon Merrill              Chris Butler             40     5   0  0  

Penalty Kill - 3 Players Forward 
   Forward                                           Time % Phy DF OF 
 1 Curtis McKenzie                                   60     5   0  0  
 2 Joakim Lindstrom                                  40     5   0  0  

Penalty Kill - 3 Players Defense
   Defense                  Defense                  Time % Phy DF OF 
 1 Luke Witkowski           Christian Ehrhoff        60     5   0  0  
 2 Jon Merrill              Chris Butler             40     5   0  0  

4 vs 4 Forward 
   Center                   Wing                     Time % Phy DF OF 
 1 Curtis McKenzie          Linden Vey               60     5   0  0  
 2 Vladimir Tarasenko       Joakim Lindstrom         40     5   0  0  

4 vs 4 Defense
   Defense                  Defense                  Time % Phy DF OF 
 1 Xavier Ouellet           Luke Witkowski           60     5   0  0  
 2 Jon Merrill              Chris Butler             40     5   0  0  

Last Minutes Offensive
   Center                   Left Wing                Right Wing               Defense                  Defense                  
   Curtis McKenzie          Vladimir Tarasenko       Nathan MacKinnon         Luke Witkowski           Xavier Ouellet           

Last Minutes Defensive
   Center                   Left Wing                Right Wing               Defense                  Defense                  
   Curtis McKenzie          Vladimir Tarasenko       Nathan MacKinnon         Luke Witkowski           Xavier Ouellet           

Goaltenders
Starting : Alex Stalock             
Backup : Dan Ellis                

Extra Forwards
Normal : Linden Vey, Nail Yakupov, Chris Kelly - PP : Linden Vey, Chris Kelly - PK : Curtis McKenzie
Extra Defensemen
Normal : Chris Butler, Jon Merrill, Luke Witkowski - PP : Luke Witkowski - PK : Luke Witkowski, Jon Merrill
Penalty Shots
Curtis McKenzie, Joakim Lindstrom, Nathan MacKinnon, Luke Witkowski, Linden Vey

% Time on Ice - Kings

Lines # - Real PCT - Wanted PCT - Time Play
Normal Forward
1 - 24% - 35% - 8:15
2 - 32% - 30% - 10:59
3 - 35% - 22% - 12:10
4 - 10% - 13% - 3:22
Normal Defense
1 - 31% - 35% - 10:44
2 - 36% - 30% - 12:33
3 - 30% - 22% - 10:18
4 - 3% - 13% - 1:11
PP Forward
1 - 51% - 60% - 7:35
2 - 49% - 40% - 7:13
PP Defense
1 - 61% - 60% - 9:04
2 - 39% - 40% - 5:44
PK Forward
1 - 75% - 60% - 7:06
2 - 25% - 40% - 2:19
PK Defense
1 - 67% - 60% - 6:18
2 - 33% - 40% - 3:07
PK3 Forward
1 - 0% - 60%
2 - 0% - 40%
PK3 Defense
1 - 0% - 60%
2 - 0% - 40%
44 Forward
1 - 100% - 60% - 1:01
2 - 0% - 40% - 0:00
44 Defense
1 - 100% - 60% - 1:01
2 - 0% - 40% - 0:00
Last Minute Offensive  - 0:00
Last Minute Defensive  - 0:00
Total
Forward - 60:00
Defense - 60:00

% Time on Ice - Penguins

Lines # - Real PCT - Wanted PCT - Time Play
Normal Forward
1 - 28% - 40% - 9:49
2 - 27% - 35% - 9:25
3 - 24% - 20% - 8:24
4 - 21% - 5% - 7:08
Normal Defense
1 - 38% - 50% - 13:12
2 - 34% - 40% - 11:55
3 - 24% - 5% - 8:31
4 - 3% - 5% - 1:08
PP Forward
1 - 55% - 60% - 5:10
2 - 45% - 40% - 4:15
PP Defense
1 - 64% - 60% - 6:00
2 - 36% - 40% - 3:25
PK Forward
1 - 79% - 60% - 11:42
2 - 21% - 40% - 3:06
PK Defense
1 - 60% - 60% - 8:50
2 - 40% - 40% - 5:58
PK3 Forward
1 - 0% - 60%
2 - 0% - 40%
PK3 Defense
1 - 0% - 60%
2 - 0% - 40%
44 Forward
1 - 100% - 60% - 1:01
2 - 0% - 40% - 0:00
44 Defense
1 - 87% - 60% - 0:53
2 - 13% - 40% - 0:08
Last Minute Offensive  - 0:00
Last Minute Defensive  - 0:00
Total
Forward - 60:00
Defense - 60:00

Play by Play

1st period


0:01 of 1st period - Tyler Seguin wins face-off versus Curtis McKenzie in neutral zone.
0:04 of 1st period - Luke Witkowski is hit by Duncan Keith and loses puck.
0:31 of 1st period - Wrist shot by Carl Soderberg.
0:31 of 1st period - Shot Blocked by Xavier Ouellet.
0:33 of 1st period - Snap shot by Duncan Keith.
0:33 of 1st period - Shot Blocked by Xavier Ouellet.
0:37 of 1st period - Snap shot by Mika Zibanejad.
0:37 of 1st period - Shot Misses the Net.
0:43 of 1st period - Minor Penalty to Nathan MacKinnon for Hooking.
0:44 of 1st period - Nick Bjugstad wins face-off versus Curtis McKenzie in Penguins zone.
2:03 of 1st period - Snap shot by Mika Zibanejad.
2:03 of 1st period - Shot Misses the Net.
2:05 of 1st period - Wrist shot by Braydon Coburn.
2:05 of 1st period - Shot Blocked by Jon Merrill.
2:41 of 1st period - Snap shot by Milan Lucic.
2:41 of 1st period - Goal by Milan Lucic - Kings : 1 - Penguins : 0.
2:42 of 1st period - Jori Lehtera wins face-off versus Chris Kelly in neutral zone.
3:21 of 1st period - Minor Penalty to David Clarkson for Tripping.
3:22 of 1st period - Tyler Seguin wins face-off versus Marcus Foligno in Kings zone.
3:33 of 1st period - Wrist shot by Linden Vey.
3:33 of 1st period - Shot Misses the Net.
3:35 of 1st period - Snap shot by Marcus Foligno.
3:35 of 1st period - Shot Misses the Net.
3:37 of 1st period - Slapshot by Luke Witkowski.
3:37 of 1st period - Shot Blocked by Braydon Coburn.
3:39 of 1st period - Slapshot by Luke Witkowski.
3:39 of 1st period - Shot Blocked by Duncan Keith.
3:47 of 1st period - Wrist shot by Marcus Foligno.
3:47 of 1st period - Deflect By Linden Vey.
3:47 of 1st period - Shot Misses the Net.
3:47 of 1st period - Puck is out of play.
3:48 of 1st period - Vladimir Tarasenko wins face-off versus Tyler Seguin in Kings zone.
4:43 of 1st period - Slapshot by Chris Butler.
4:43 of 1st period - Deflect By Linden Vey.
4:43 of 1st period - Goal by Linden Vey - Kings : 1 - Penguins : 1.
4:44 of 1st period - Linden Vey wins face-off versus Nick Bjugstad in neutral zone.
4:47 of 1st period - Milan Lucic is hit by Marcus Foligno and loses puck.
4:54 of 1st period - Slapshot by Braydon Coburn.
4:54 of 1st period - Shot Blocked by Chris Butler.
4:56 of 1st period - Wrist shot by Nick Bjugstad.
4:56 of 1st period - Stopped by Alex Stalock without a rebound.
4:57 of 1st period - Linden Vey wins face-off versus Nick Bjugstad in Penguins zone.
5:40 of 1st period - Braydon Coburn is hit by Nathan MacKinnon and loses puck.
6:12 of 1st period - Luke Witkowski is hit by David Clarkson and loses puck.
6:23 of 1st period - Snap shot by Xavier Ouellet.
6:23 of 1st period - Stopped by Reto Berra with a rebound.
6:25 of 1st period - Snap shot by Nail Yakupov.
6:25 of 1st period - Stopped by Reto Berra without a rebound.
6:26 of 1st period - Tyler Seguin wins face-off versus Chris Kelly in Kings zone.
6:35 of 1st period - Snap shot by Carl Soderberg.
6:35 of 1st period - Stopped by Alex Stalock with a rebound.
6:50 of 1st period - Snap shot by Mika Zibanejad.
6:50 of 1st period - Goal by Mika Zibanejad - Kings : 2 - Penguins : 1.
6:51 of 1st period - Nick Bjugstad wins face-off versus Linden Vey in neutral zone.
6:56 of 1st period - Snap shot by Vincent Trocheck.
6:56 of 1st period - Stopped by Alex Stalock with a rebound.
7:28 of 1st period - Snap shot by Milan Lucic.
7:28 of 1st period - Stopped by Alex Stalock with a rebound.
7:58 of 1st period - Icing by Curtis McKenzie.
7:59 of 1st period - Curtis McKenzie wins face-off versus Brenden Morrow in Penguins zone.
9:23 of 1st period - Cody Ceci is hit by Nick Bjugstad and loses puck.
10:08 of 1st period - Minor Penalty to Duncan Keith for Hooking.
10:09 of 1st period - Vladimir Tarasenko wins face-off versus Tyler Seguin in Kings zone.
10:31 of 1st period - Wrist shot by Vladimir Tarasenko.
10:31 of 1st period - Shot Misses the Net.
11:01 of 1st period - Linden Vey is hit by Mika Zibanejad and loses puck.
12:08 of 1st period - Penalty to Duncan Keith is over, Duncan Keith is back on ice.
12:28 of 1st period - Braydon Coburn is hit by Chris Kelly and loses puck.
12:33 of 1st period - Slapshot by Chris Stewart.
12:33 of 1st period - Shot Misses the Net.
12:35 of 1st period - Snap shot by Chris Kelly.
12:35 of 1st period - Stopped by Reto Berra with a rebound.
12:47 of 1st period - Snap shot by Nail Yakupov.
12:47 of 1st period - Stopped by Reto Berra with a rebound.
12:49 of 1st period - Snap shot by Nail Yakupov.
12:49 of 1st period - Shot Misses the Net.
12:51 of 1st period - Wrist shot by Chris Kelly.
12:51 of 1st period - Shot Blocked by Braydon Coburn.
13:13 of 1st period - Snap shot by David Legwand.
13:13 of 1st period - Deflect By Mikael Granlund.
13:13 of 1st period - Stopped by Reto Berra without a rebound.
13:14 of 1st period - Jori Lehtera wins face-off versus Mikael Granlund in Kings zone.
13:21 of 1st period - Snap shot by Jimmy Hayes.
13:21 of 1st period - Stopped by Reto Berra with a rebound.
13:34 of 1st period - Stefan Elliott is hit by Luke Witkowski and loses puck.
13:51 of 1st period - Snap shot by David Clarkson.
13:51 of 1st period - Shot Misses the Net.
14:03 of 1st period - Icing by Luke Witkowski.
14:04 of 1st period - Evgeny Kuznetsov wins face-off versus Mikael Granlund in Penguins zone.
15:07 of 1st period - Stefan Elliott is hit by Chris Butler and loses puck.
15:28 of 1st period - Jori Lehtera is hit by Jon Merrill and loses puck.
16:06 of 1st period - Chris Kelly is hit by Eric Brewer and loses puck.
16:14 of 1st period - Slapshot by Seth Jones.
16:14 of 1st period - Shot Misses the Net.
16:52 of 1st period - Wrist shot by Jori Lehtera.
16:52 of 1st period - Shot Blocked by Chris Kelly.
16:58 of 1st period - Slapshot by Duncan Keith.
16:58 of 1st period - Shot Misses the Net.
17:00 of 1st period - Slapshot by Duncan Keith.
17:00 of 1st period - Shot Misses the Net.
17:18 of 1st period - Slapshot by Tyler Seguin.
17:18 of 1st period - Deflect By Evgeny Kuznetsov.
17:18 of 1st period - Shot Blocked by Cody Ceci.
17:18 of 1st period - Cody Ceci from Penguins is injured at 17:18 of 1st period (Left Hand).
17:19 of 1st period - Nathan MacKinnon wins face-off versus Tyler Seguin in Penguins zone.
17:19 of 1st period - Nathan MacKinnon is hit by Tyler Seguin.
17:53 of 1st period - Minor Penalty to Mika Zibanejad for Hooking.
17:54 of 1st period - Marcus Foligno wins face-off versus Tyler Seguin in Kings zone.
19:53 of 1st period - Penalty to Mika Zibanejad is over, Mika Zibanejad is back on ice.
Goals for this period are 2 for Kings vs 1 for Penguins.
Shots for this period are 6 for Kings vs 7 for Penguins.

2nd period


0:01 of 2nd period - Tyler Seguin wins face-off versus Curtis McKenzie in neutral zone.
0:11 of 2nd period - Xavier Ouellet is hit by Mika Zibanejad and loses puck.
0:22 of 2nd period - Wrist shot by Mika Zibanejad.
0:22 of 2nd period - Shot Blocked by Luke Witkowski.
0:24 of 2nd period - Wrist shot by Braydon Coburn.
0:24 of 2nd period - Deflect By Tyler Seguin.
0:24 of 2nd period - Shot Blocked by Xavier Ouellet.
0:24 of 2nd period - Puck is out of play.
0:25 of 2nd period - Nick Bjugstad wins face-off versus Linden Vey in Penguins zone.
1:54 of 2nd period - Snap shot by Tyler Seguin.
1:54 of 2nd period - Shot Blocked by Curtis McKenzie.
1:56 of 2nd period - Snap shot by Carl Soderberg.
1:56 of 2nd period - Deflect By Tyler Seguin.
1:56 of 2nd period - Shot Misses the Net.
1:56 of 2nd period - Puck is out of play.
1:57 of 2nd period - Jori Lehtera wins face-off versus Chris Kelly in Penguins zone.
2:08 of 2nd period - Slapshot by Jori Lehtera.
2:08 of 2nd period - Shot Hit the Post.
2:10 of 2nd period - Slapshot by Eric Brewer.
2:10 of 2nd period - Stopped by Alex Stalock without a rebound.
2:11 of 2nd period - Jori Lehtera wins face-off versus Chris Kelly in Penguins zone.
2:20 of 2nd period - Snap shot by David Clarkson.
2:20 of 2nd period - Stopped by Alex Stalock without a rebound.
2:21 of 2nd period - Tyler Seguin wins face-off versus Joakim Lindstrom in Penguins zone.
3:18 of 2nd period - Jori Lehtera is hit by Chris Kelly and loses puck.
3:39 of 2nd period - Slapshot by Chris Stewart.
3:39 of 2nd period - Shot Blocked by Braydon Coburn.
3:50 of 2nd period - Off-side.
3:51 of 2nd period - Nick Bjugstad wins face-off versus Curtis McKenzie in neutral zone.
3:53 of 2nd period - Off-side.
3:54 of 2nd period - Nick Bjugstad wins face-off versus Curtis McKenzie in neutral zone.
4:05 of 2nd period - Snap shot by Nathan MacKinnon.
4:05 of 2nd period - Stopped by Reto Berra without a rebound.
4:06 of 2nd period - Linden Vey wins face-off versus Nick Bjugstad in Kings zone.
4:27 of 2nd period - Snap shot by Vincent Trocheck.
4:27 of 2nd period - Shot Misses the Net.
4:29 of 2nd period - Slapshot by Cam Fowler.
4:29 of 2nd period - Shot Misses the Net.
4:31 of 2nd period - Wrist shot by Vincent Trocheck.
4:31 of 2nd period - Stopped by Alex Stalock with a rebound.
4:33 of 2nd period - Snap shot by Cam Fowler.
4:33 of 2nd period - Shot Blocked by Chris Butler.
5:10 of 2nd period - Nathan MacKinnon is hit by Carl Soderberg and loses puck.
5:17 of 2nd period - Wrist shot by Mika Zibanejad.
5:17 of 2nd period - Goal by Mika Zibanejad - Kings : 3 - Penguins : 1.
5:18 of 2nd period - Jori Lehtera wins face-off versus Curtis McKenzie in neutral zone.
5:55 of 2nd period - Slapshot by Duncan Keith.
5:55 of 2nd period - Stopped by Alex Stalock with a rebound.
6:58 of 2nd period - Snap shot by Chris Stewart.
6:58 of 2nd period - Stopped by Reto Berra without a rebound.
6:59 of 2nd period - Nick Bjugstad wins face-off versus Chris Kelly in Kings zone.
7:11 of 2nd period - Minor Penalty to Milan Lucic for Boarding.
7:12 of 2nd period - Tyler Seguin wins face-off versus Vladimir Tarasenko in Kings zone.
8:01 of 2nd period - Slapshot by Marcus Foligno.
8:01 of 2nd period - Stopped by Reto Berra with a rebound.
8:03 of 2nd period - Slapshot by Luke Witkowski.
8:03 of 2nd period - Stopped by Reto Berra with a rebound.
8:05 of 2nd period - Wrist shot by Christian Ehrhoff.
8:05 of 2nd period - Shot Misses the Net.
8:11 of 2nd period - Snap shot by Joakim Lindstrom.
8:11 of 2nd period - Stopped by Reto Berra without a rebound.
8:12 of 2nd period - Nick Bjugstad wins face-off versus Marcus Foligno in Kings zone.
8:12 of 2nd period - Nick Bjugstad is hit by Linden Vey.
8:49 of 2nd period - Brenden Morrow is hit by Nathan MacKinnon.
9:07 of 2nd period - Wrist shot by Marcus Foligno.
9:07 of 2nd period - Deflect By Seth Jones.
9:07 of 2nd period - Stopped by Reto Berra with a rebound.
9:09 of 2nd period - Snap shot by Chris Butler.
9:09 of 2nd period - Shot Blocked by Cam Fowler.
9:11 of 2nd period - Penalty to Milan Lucic is over, Milan Lucic is back on ice.
9:11 of 2nd period - Slapshot by Jon Merrill.
9:11 of 2nd period - Stopped by Reto Berra without a rebound.
9:12 of 2nd period - Vincent Trocheck wins face-off versus Marcus Foligno in Kings zone.
9:12 of 2nd period - Vincent Trocheck is hit by Marcus Foligno.
9:23 of 2nd period - Minor Penalty to Linden Vey for High sticking.
9:24 of 2nd period - Nick Bjugstad wins face-off versus Curtis McKenzie in Penguins zone.
10:04 of 2nd period - Carl Soderberg is hit by Chris Kelly.
10:38 of 2nd period - Slapshot by Seth Jones.
10:38 of 2nd period - Shot Blocked by Jon Merrill.
10:40 of 2nd period - Slapshot by Seth Jones.
10:40 of 2nd period - Stopped by Alex Stalock without a rebound.
10:41 of 2nd period - Nick Bjugstad wins face-off versus Nathan MacKinnon in Penguins zone.
10:42 of 2nd period - Wrist shot by Milan Lucic.
10:42 of 2nd period - Shot Blocked by Nathan MacKinnon.
11:23 of 2nd period - Penalty to Linden Vey is over, Linden Vey is back on ice.
11:56 of 2nd period - Christian Ehrhoff is hit by Milan Lucic and loses puck.
12:24 of 2nd period - Wrist shot by Jori Lehtera.
12:24 of 2nd period - Shot Misses the Net.
12:57 of 2nd period - Minor Penalty to Luke Witkowski for Roughing.
12:58 of 2nd period - Curtis McKenzie wins face-off versus Tyler Seguin in Penguins zone.
13:11 of 2nd period - Wrist shot by Mika Zibanejad.
13:11 of 2nd period - Stopped by Alex Stalock with a rebound.
13:41 of 2nd period - Chris Kelly is hit by Carl Soderberg and loses puck.
13:48 of 2nd period - Mika Zibanejad is hit by Xavier Ouellet and loses puck.
14:15 of 2nd period - Jon Merrill is hit by Milan Lucic and loses puck.
14:38 of 2nd period - Nathan MacKinnon is hit by Milan Lucic and loses puck.
14:57 of 2nd period - Penalty to Luke Witkowski is over, Luke Witkowski is back on ice.
15:23 of 2nd period - Snap shot by David Legwand.
15:23 of 2nd period - Stopped by Reto Berra with a rebound.
15:25 of 2nd period - Slapshot by Luke Witkowski.
15:25 of 2nd period - Stopped by Reto Berra without a rebound.
15:26 of 2nd period - Jori Lehtera wins face-off versus Mikael Granlund in Kings zone.
15:32 of 2nd period - David Clarkson beats up Luke Witkowski.
15:32 of 2nd period - Penalty to Luke Witkowski for Fighting.
15:32 of 2nd period - Penalty to David Clarkson for Fighting.
15:33 of 2nd period - Jori Lehtera wins face-off versus Mikael Granlund in Kings zone.
15:47 of 2nd period - Minor Penalty to Mikael Granlund for Hooking.
15:48 of 2nd period - Mika Zibanejad wins face-off versus Curtis McKenzie in Penguins zone.
15:48 of 2nd period - Snap shot by Tyler Seguin.
15:48 of 2nd period - Shot Blocked by Xavier Ouellet.
16:00 of 2nd period - Snap shot by Tyler Seguin.
16:00 of 2nd period - Stopped by Alex Stalock with a rebound.
16:02 of 2nd period - Snap shot by Duncan Keith.
16:02 of 2nd period - Shot Misses the Net.
16:25 of 2nd period - Slapshot by Duncan Keith.
16:25 of 2nd period - Stopped by Alex Stalock with a rebound.
16:27 of 2nd period - Slapshot by Braydon Coburn.
16:27 of 2nd period - Goal by Braydon Coburn - Kings : 4 - Penguins : 1.
16:28 of 2nd period - Jori Lehtera wins face-off versus Curtis McKenzie in neutral zone.
16:33 of 2nd period - Snap shot by Jori Lehtera.
16:33 of 2nd period - Deflect By Nathan MacKinnon.
16:33 of 2nd period - Shot Misses the Net.
16:33 of 2nd period - Puck is out of play.
16:34 of 2nd period - Jori Lehtera wins face-off versus Curtis McKenzie in Penguins zone.
16:58 of 2nd period - Minor Penalty to Chris Butler for Hooking.
16:59 of 2nd period - Tyler Seguin wins face-off versus Curtis McKenzie in Penguins zone.
17:26 of 2nd period - Snap shot by Linden Vey.
17:26 of 2nd period - Deflect By Curtis McKenzie.
17:26 of 2nd period - Shot Misses the Net.
17:26 of 2nd period - Puck is out of play.
17:27 of 2nd period - Nick Bjugstad wins face-off versus Curtis McKenzie in Kings zone.
17:32 of 2nd period - Slapshot by Jon Merrill.
17:32 of 2nd period - Stopped by Reto Berra with a rebound.
17:40 of 2nd period - Nick Bjugstad is hit by Curtis McKenzie and loses puck.
17:47 of 2nd period - Slapshot by Seth Jones.
17:47 of 2nd period - Stopped by Alex Stalock without a rebound.
17:48 of 2nd period - Tyler Seguin wins face-off versus Joakim Lindstrom in Penguins zone.
18:07 of 2nd period - Slapshot by Tyler Seguin.
18:07 of 2nd period - Stopped by Alex Stalock with a rebound.
18:09 of 2nd period - Slapshot by Braydon Coburn.
18:09 of 2nd period - Stopped by Alex Stalock with a rebound.
18:11 of 2nd period - Slapshot by Duncan Keith.
18:11 of 2nd period - Shot Blocked by Jon Merrill.
18:13 of 2nd period - Snap shot by Mika Zibanejad.
18:13 of 2nd period - Shot Misses the Net.
18:15 of 2nd period - Snap shot by Braydon Coburn.
18:15 of 2nd period - Deflect By Tyler Seguin.
18:15 of 2nd period - Goal by Tyler Seguin - Kings : 5 - Penguins : 1.
18:16 of 2nd period - Linden Vey wins face-off versus Vincent Trocheck in neutral zone.
18:47 of 2nd period - Slapshot by Joakim Lindstrom.
18:47 of 2nd period - Stopped by Reto Berra with a rebound.
19:20 of 2nd period - Minor Penalty to Carl Soderberg for Hooking.
19:21 of 2nd period - Vladimir Tarasenko wins face-off versus Tyler Seguin in Kings zone.
Goals for this period are 3 for Kings vs 0 for Penguins.
Shots for this period are 14 for Kings vs 11 for Penguins.

3rd period


0:01 of 3rd period - Vladimir Tarasenko wins face-off versus Tyler Seguin in neutral zone.
0:28 of 3rd period - Christian Ehrhoff is hit by Braydon Coburn.
0:32 of 3rd period - Penalty to David Clarkson is over, David Clarkson is back on ice.
1:20 of 3rd period - Penalty to Carl Soderberg is over, Carl Soderberg is back on ice.
1:35 of 3rd period - Wrist shot by Nail Yakupov.
1:35 of 3rd period - Shot Blocked by Duncan Keith.
1:41 of 3rd period - Nail Yakupov is hit by David Clarkson and loses puck.
1:58 of 3rd period - Cam Fowler is hit by Nail Yakupov and loses puck.
2:11 of 3rd period - Stefan Elliott is hit by Mikael Granlund and loses puck.
2:25 of 3rd period - Seth Jones is hit by Jimmy Hayes.
2:37 of 3rd period - Stefan Elliott is hit by David Legwand and loses puck.
3:01 of 3rd period - Snap shot by Tyler Seguin.
3:01 of 3rd period - Shot Blocked by Chris Butler.
3:41 of 3rd period - Snap shot by Vladimir Tarasenko.
3:41 of 3rd period - Shot Misses the Net.
3:43 of 3rd period - Slapshot by Luke Witkowski.
3:43 of 3rd period - Stopped by Reto Berra with a rebound.
3:45 of 3rd period - Wrist shot by Luke Witkowski.
3:45 of 3rd period - Stopped by Reto Berra with a rebound.
3:47 of 3rd period - Snap shot by Vladimir Tarasenko.
3:47 of 3rd period - Deflect By Nathan MacKinnon.
3:47 of 3rd period - Shot Blocked by Eric Brewer.
3:47 of 3rd period - Puck is out of play.
3:48 of 3rd period - Linden Vey wins face-off versus Nick Bjugstad in Kings zone.
4:03 of 3rd period - Backhand shot by Vincent Trocheck.
4:03 of 3rd period - Shot Misses the Net.
4:05 of 3rd period - Slapshot by Seth Jones.
4:05 of 3rd period - Shot Misses the Net.
4:09 of 3rd period - Snap shot by Nick Bjugstad.
4:09 of 3rd period - Stopped by Alex Stalock with a rebound.
4:11 of 3rd period - Slapshot by Cam Fowler.
4:11 of 3rd period - Stopped by Alex Stalock without a rebound.
4:12 of 3rd period - Curtis McKenzie wins face-off versus Carl Soderberg in Penguins zone.
4:12 of 3rd period - Curtis McKenzie is hit by Mika Zibanejad.
4:15 of 3rd period - Minor Penalty to Christian Ehrhoff for Holding.
4:16 of 3rd period - Tyler Seguin wins face-off versus Curtis McKenzie in Penguins zone.
4:58 of 3rd period - Snap shot by Duncan Keith.
4:58 of 3rd period - Deflect By Xavier Ouellet.
4:58 of 3rd period - Stopped by Alex Stalock with a rebound.
5:00 of 3rd period - Wrist shot by Nick Bjugstad.
5:00 of 3rd period - Stopped by Alex Stalock with a rebound.
5:02 of 3rd period - Wrist shot by Nick Bjugstad.
5:02 of 3rd period - Shot Misses the Net.
5:06 of 3rd period - Slapshot by Milan Lucic.
5:06 of 3rd period - Shot Misses the Net.
6:15 of 3rd period - Penalty to Christian Ehrhoff is over, Christian Ehrhoff is back on ice.
6:25 of 3rd period - Chris Butler is hit by David Clarkson and loses puck.
7:39 of 3rd period - Jon Merrill is hit by Cam Fowler.
7:52 of 3rd period - Minor Penalty to Curtis McKenzie for Tripping.
7:53 of 3rd period - Nathan MacKinnon wins face-off versus Nick Bjugstad in Penguins zone.
9:00 of 3rd period - Jon Merrill is hit by Mika Zibanejad and loses puck.
9:52 of 3rd period - Penalty to Curtis McKenzie is over, Curtis McKenzie is back on ice.
10:15 of 3rd period - Slapshot by Mikael Granlund.
10:15 of 3rd period - Stopped by Reto Berra with a rebound.
10:17 of 3rd period - Backhand shot by Christian Ehrhoff.
10:17 of 3rd period - Deflect By David Legwand.
10:17 of 3rd period - Goal by David Legwand - Kings : 5 - Penguins : 2.
10:18 of 3rd period - Jori Lehtera wins face-off versus Mikael Granlund in neutral zone.
10:33 of 3rd period - Snap shot by Jori Lehtera.
10:33 of 3rd period - Stopped by Alex Stalock without a rebound.
10:34 of 3rd period - Jori Lehtera wins face-off versus Mikael Granlund in Penguins zone.
11:50 of 3rd period - Icing by Vladimir Tarasenko.
11:51 of 3rd period - Tyler Seguin wins face-off versus Curtis McKenzie in Penguins zone.
12:34 of 3rd period - Snap shot by Linden Vey.
12:34 of 3rd period - Shot Misses the Net.
12:42 of 3rd period - Marcus Foligno is hit by David Clarkson.
13:26 of 3rd period - Cam Fowler is hit by Chris Butler and loses puck.
13:43 of 3rd period - Xavier Ouellet is hit by Nick Bjugstad and loses puck.
14:06 of 3rd period - Slapshot by Vincent Trocheck.
14:06 of 3rd period - Shot Misses the Net.
14:08 of 3rd period - Snap shot by Cam Fowler.
14:08 of 3rd period - Stopped by Alex Stalock with a rebound.
14:10 of 3rd period - Wrist shot by Nick Bjugstad.
14:10 of 3rd period - Shot Blocked by Chris Butler.
14:28 of 3rd period - Braydon Coburn is hit by Jon Merrill and loses puck.
14:50 of 3rd period - Mika Zibanejad is hit by Mikael Granlund and loses puck.
15:13 of 3rd period - Minor Penalty to Chris Stewart for Goalie Interference.
15:14 of 3rd period - Curtis McKenzie wins face-off versus Nick Bjugstad in Penguins zone.
15:50 of 3rd period - Seth Jones is hit by Curtis McKenzie and loses puck.
16:11 of 3rd period - Minor Penalty to Carl Soderberg for Tripping.
16:12 of 3rd period - Tyler Seguin wins face-off versus Linden Vey in Kings zone.
16:29 of 3rd period - Snap shot by Tyler Seguin.
16:29 of 3rd period - Deflect By Mika Zibanejad.
16:29 of 3rd period - Stopped by Alex Stalock with a rebound.
16:31 of 3rd period - Snap shot by Duncan Keith.
16:31 of 3rd period - Goal by Duncan Keith - Kings : 6 - Penguins : 2.
16:32 of 3rd period - Tyler Seguin wins face-off versus Curtis McKenzie in neutral zone.
16:45 of 3rd period - Wrist shot by Mika Zibanejad.
16:45 of 3rd period - Shot Misses the Net.
16:47 of 3rd period - Backhand shot by Braydon Coburn.
16:47 of 3rd period - Stopped by Alex Stalock with a rebound.
17:13 of 3rd period - Penalty to Chris Stewart is over, Chris Stewart is back on ice.
17:19 of 3rd period - Wrist shot by Nail Yakupov.
17:19 of 3rd period - Goal by Nail Yakupov - Kings : 6 - Penguins : 3.
17:20 of 3rd period - Chris Kelly wins face-off versus Milan Lucic in neutral zone.
17:32 of 3rd period - Minor Penalty to Jon Merrill for Cross-checking.
17:33 of 3rd period - Curtis McKenzie wins face-off versus Nick Bjugstad in Penguins zone.
18:37 of 3rd period - Chris Kelly is hit by Carl Soderberg and loses puck.
18:50 of 3rd period - Chris Kelly is hit by Duncan Keith and loses puck.
19:32 of 3rd period - Penalty to Jon Merrill is over, Jon Merrill is back on ice.
19:47 of 3rd period - Wrist shot by Milan Lucic.
19:47 of 3rd period - Shot Misses the Net.
Goals for this period are 1 for Kings vs 2 for Penguins.
Shots for this period are 9 for Kings vs 5 for Penguins.